 Dungeon Crawl Stone Soup version 0.20.1-1-g8b1a95d (webtiles) character file.

73 Schiappus the Chopper (level 4, -3/67 HPs)
             Began as a Troll Berserker on Nov 25, 2017.
             Was a Follower of Trog.
             Slain by a white imp (4 damage)
             ... summoned by Natasha
             ... on level 2 of the Dungeon.
             The game lasted 00:06:09 (520 turns).

Schiappus the Chopper (Troll Berserker)              Turns: 520, Time: 00:06:09

Health: -3/67      AC:  5    Str: 31    XL:     4   Next: 8%
Magic:  3/3        EV: 10    Int:  3    God:    Trog [*.....]
Gold:   75         SH:  0    Dex:  9    Spells: 3/3 levels left

rFire    . . .     SeeInvis .   a - +0 hand axe
rCold    . . .     Gourm    +   (no shield)
rNeg     . . .     Faith    .   b - +0 animal skin
rPois    .         Spirit   .   (helmet restricted)
rElec    .         Reflect  .   (no cloak)
rCorr    .         Harm     .   (gloves unavailable)
MR       .....                  (boots unavailable)
Stlth    ..........             (no amulet)
Regen    0.7/turn               (no ring)
MPRegen  0.1/turn               (no ring)

@: berserking, lethally poisoned (-3 -> -3), very quick
A: unfitting armour, claws 3, fast metabolism 3, gourmand, regeneration 1,
shaggy fur 1, tough skin 2
a: Berserk, Burn Spellbooks, Renounce Religion


You were on level 2 of the Dungeon.
You worshipped Trog.
Trog was aware of your devotion.
You were very full.

You visited 1 branch of the dungeon, and saw 2 of its levels.

You collected 75 gold pieces.

Inventory:

Hand Weapons
 a - a +0 hand axe (weapon)
Armour
 b - a +0 animal skin (worn)
Jewellery
 e - an uncursed ring of stealth {unknown}
Scrolls
 d - 4 scrolls of teleportation {unknown}
 g - 7 scrolls of identify {unknown}
 i - a scroll of noise {unknown}
Potions
 h - a potion of invisibility {unknown}
Comestibles
 c - 2 bread rations
 f - 3 chunks of flesh
 j - 2 meat rations
 k - a royal jelly


   Skills:
 + Level 3.0 Fighting
 + Level 3.2 Axes
 + Level 3.0 Dodging


You had 3 spell levels left.
You didn't know any spells.

Dungeon Overview and Level Annotations

Branches:
Dungeon (2/15)

Altars:
Hepliaklqana
Uskayaw

Annotations:
D:2 Natasha


Innate Abilities, Weirdness & Mutations

You are too large for most types of armour.
You have claws for hands.
Your metabolism is lightning-fast.
You like to eat raw meat.
Your natural rate of healing is unusually fast.
You are covered in fur. (AC +1)
You have very tough skin. (AC +2)


Message History

You hit the shadow imp.
You kill the shadow imp!
You hit Natasha.
The white imp grins evilly.
The adder misses you. Natasha claws you but does no damage.
You slash the adder!
You kill the adder!
Trog accepts your kill.
Your Dodging skill increases to level 3!
You have reached level 4!
You slash Natasha! You hit the white imp.
You feel sick. The white imp gestures at you. The puff of frost hits you!
* * * LOW HITPOINT WARNING * * *
You feel sick. Natasha claws you.
* * * LOW HITPOINT WARNING * * *
The white imp hits you.
* * * LOW HITPOINT WARNING * * *
The white imp freezes you.
You die...

........####8###8###8#......#
..<(....>##.......).........#
.........#⌠.................#
...>.....##.................#
####.....###8###8###8#......#
........####################
.....#.......#......##
##.###...#.##...h....## ...
#..##......@.....# ... ....
###....5.....# ...!....
#..........# .......
#....%.....# .......
#..........# .......
##........## .....)...#
#..........


You could see Natasha and a white imp.

Vanquished Creatures
  Jessica (D:2)
  3 adders (D:2)
  An ooze (D:1)
  2 giant cockroaches (D:2)
  3 hobgoblins (D:1)
  3 kobolds (D:2)
  A ball python (D:2)
  2 goblins (D:1)
  2 rats (D:2)
18 creatures vanquished.

Notes
Turn   | Place    | Note
-------+----------+-------------------------------------------
     0 | D:1      | Schiappus the Troll Berserker began the quest for the Orb.
     0 | D:1      | Reached XP level 1. HP: 22/22 MP: 0/0
    88 | D:1      | Reached XP level 2. HP: 23/29 MP: 1/1
   145 | D:1      | You fall through a shaft!
   159 | D:2      | Reached XP level 3. HP: 6/36 MP: 2/2
   265 | D:2      | Noticed Jessica
   276 | D:2      | Killed Jessica
   363 | D:2      | Found a hazy altar of Hepliaklqana.
   364 | D:2      | Found a hide-covered altar of Uskayaw.
   508 | D:2      | Noticed Natasha
   519 | D:2      | Reached XP level 4. HP: 12/45 MP: 3/3
   520 | D:2      | HP: 1/67 [white imp[Natasha] (4)]
   520 | D:2      | Slain by a white imp

Skill      XL: |  1  2  3 |
---------------+----------+-----
Axes           | 3 |  3.2
Fighting       | 3 |  3.0
Dodging        | 3 |  3.0

Action                   |  1- 3 |  4- 6 || total
-------------------------+-------+-------++-------
Melee: Hand axe          |    67 |       ||    67
Invok: Berserk           |     1 |       ||     1
  Eat: Chunk             |    10 |       ||    10
Armor: Animal skin       |    27 |       ||    27
Dodge: Dodged            |    48 |       ||    48
